| TOP OF THE 1ST |
|
Wisconsin Rapids Timber Rattlers batting - Pitching for Clinton Pilots : RHP Richard Patterson
|
|
Pitching: RHP Richard Patterson
|
|
|
Batting: RHB Tim Pyznarski
|
0-0: Foul Ball, location: 2F 0-1: Fly out, F8 (Flyball, 89M, EV 89.4 MPH)
|
|
Batting: RHB Jim Presley
|
0-0: Called Strike 0-1: Called Strike 0-2: Ball 1-2: Ball 2-2: Strikes out swinging
|
|
Batting: LHB Dion James
|
0-0: Ball 1-0: Called Strike 1-1: Ball 2-1: Ball 3-1: Base on Balls
|
|
Batting: LHB Greg Smith
|
0-0: Ball Dion James is caught stealing 2nd base 2-6
|
| Top of the 1st over - 0 runs, 0 hits, 0 errors, 0 left on base; Wisconsin Rapids 0 - Clinton 0 |
| BOTTOM OF THE 1ST |
|
Clinton Pilots batting - Pitching for Wisconsin Rapids Timber Rattlers : RHP Ted Kromy
|
|
Pitching: RHP Ted Kromy
|
|
|
Batting: RHB Barry Siebert
|
0-0: Ball 1-0: Called Strike 1-1: Ball 2-1: Foul Ball, location: 2F 2-2: Foul Ball, location: 2F 2-2: Strikes out swinging
|
|
Batting: RHB Tom Riley
|
0-0: Ball 1-0: Ball 2-0: Called Strike 2-1: Ball 3-1: Fly out, F5 (Flyball, 5D, EV 94.4 MPH)
|
|
Batting: RHB Bert Pena
|
0-0: Called Strike 0-1: Ball 1-1: Foul Ball, location: 2F 1-2: Fly out, F7 (Flyball, 78XD, EV 108.8 MPH)
|
| Bottom of the 1st over - 0 runs, 0 hits, 0 errors, 0 left on base; Wisconsin Rapids 0 - Clinton 0 |
| TOP OF THE 2ND |
|
Wisconsin Rapids Timber Rattlers batting - Pitching for Clinton Pilots : RHP Richard Patterson
|
|
Batting: LHB Greg Smith
|
0-0: Called Strike 0-1: Called Strike 0-2: Foul Ball, location: 2F 0-2: Fly out, F8 (Flyball, 8LM, EV 89.4 MPH)
|
|
Batting: LHB Matt Hall
|
0-0: Fly out, F9 (Flyball, 9, EV 89.4 MPH)
|
|
Batting: RHB Darryl Motley
|
0-0: Foul Ball, location: 2F 0-1: Foul Ball, location: 2F 0-2: Fly out, F7 (Flyball, 7, EV 90.0 MPH)
|
| Top of the 2nd over - 0 runs, 0 hits, 0 errors, 0 left on base; Wisconsin Rapids 0 - Clinton 0 |
| BOTTOM OF THE 2ND |
|
Clinton Pilots batting - Pitching for Wisconsin Rapids Timber Rattlers : RHP Ted Kromy
|
|
Batting: RHB Abe Rael
|
0-0: Ball 1-0: Ground out 4-3 (Groundball, 4S, EV 80.6 MPH)
|
|
Batting: RHB Joseph Rietano
|
0-0: Swinging Strike 0-1: Ball 1-1: Swinging Strike 1-2: Ball 2-2: Strikes out swinging
|
|
Batting: RHB Alberto Reyes
|
0-0: Called Strike 0-1: Bunt for hit to 15S - play at first, batter OUT! 1-3
|
| Bottom of the 2nd over - 0 runs, 0 hits, 0 errors, 0 left on base; Wisconsin Rapids 0 - Clinton 0 |
| TOP OF THE 3RD |
|
Wisconsin Rapids Timber Rattlers batting - Pitching for Clinton Pilots : RHP Richard Patterson
|
|
Batting: RHB Al Pedrique
|
0-0: Called Strike 0-1: Ball 1-1: Swinging Strike 1-2: Ball 2-2: Foul Ball, location: 2F 2-2: Foul Ball, location: 2F 2-2: Foul Ball, location: 2F 2-2: Foul Ball, location: 2F 2-2: Ground out 4-3 (Groundball, 4, EV 110.0 MPH)
|
|
Batting: SHB Jose Uribe
|
0-0: Ball 1-0: Ball 2-0: Ground out 4-3 (Groundball, 34, EV 90.0 MPH)
|
|
Batting: RHB Phil Lombardi
|
0-0: Ball 1-0: Ball 2-0: Called Strike 2-1: Called Strike 2-2: Foul Ball, location: 2F 2-2: Fly out, F4 (Popup, 34D, EV 70.0 MPH)
|
| Top of the 3rd over - 0 runs, 0 hits, 0 errors, 0 left on base; Wisconsin Rapids 0 - Clinton 0 |
| BOTTOM OF THE 3RD |
|
Clinton Pilots batting - Pitching for Wisconsin Rapids Timber Rattlers : RHP Ted Kromy
|
|
Batting: LHB Epifano Martinez
|
0-0: Fly out, F4 (Popup, 4, EV 81.3 MPH)
|
|
Batting: RHB Donn Koch
|
0-0: Ball 1-0: Swinging Strike 1-1: Ball 2-1: Called Strike 2-2: Ball 3-2: Foul Ball, location: 2F 3-2: Foul Ball, location: 2F 3-2: Foul Ball, location: 2F 3-2: Strikes out swinging
|
|
Batting: RHB Ron Stinnett
|
0-0: SINGLE (Line Drive, 7S, EV 100.0 MPH)
|
|
Batting: RHB Barry Siebert
|
0-0: Foul Ball, location: 2F 0-1: Ball 1-1: Ground out 5-3 (Groundball, 56S, EV 78.1 MPH)
|
| Bottom of the 3rd over - 0 runs, 1 hit, 0 errors, 1 left on base; Wisconsin Rapids 0 - Clinton 0 |
| TOP OF THE 4TH |
|
Wisconsin Rapids Timber Rattlers batting - Pitching for Clinton Pilots : RHP Richard Patterson
|
|
Batting: RHB Tim Pyznarski
|
0-0: Ball 1-0: Ball 2-0: Ground out 5-3 (Groundball, 5, EV 88.1 MPH)
|
|
Batting: RHB Jim Presley
|
0-0: Called Strike 0-1: Ground out 6-3 (Groundball, 6D, EV 99.4 MPH)
|
|
Batting: LHB Dion James
|
0-0: Foul Ball, location: 2F 0-1: Foul Ball, location: 2F 0-2: Foul Ball, location: 2F 0-2: Ball 1-2: Ball 2-2: Fly out, F7 (Flyball, 78XD, EV 93.1 MPH)
|
| Top of the 4th over - 0 runs, 0 hits, 0 errors, 0 left on base; Wisconsin Rapids 0 - Clinton 0 |
| BOTTOM OF THE 4TH |
|
Clinton Pilots batting - Pitching for Wisconsin Rapids Timber Rattlers : RHP Ted Kromy
|
|
Batting: RHB Tom Riley
|
0-0: SINGLE (Groundball, 34D, EV 105.6 MPH)
|
|
Batting: RHB Bert Pena
|
0-0: Foul Ball, location: 2F 0-1: Fielders Choice at 2nd, 4-6 (Groundball, 4S, EV 84.4 MPH)
|
|
Batting: RHB Abe Rael
|
0-0: Called Strike 0-1: Ball 1-1: Foul Ball, location: 2F 1-2: Ball Bert Pena is caught stealing 2nd base 2-4 2-2: Ball 3-2: Strikes out swinging
|
| Bottom of the 4th over - 0 runs, 1 hit, 0 errors, 0 left on base; Wisconsin Rapids 0 - Clinton 0 |
| TOP OF THE 5TH |
|
Wisconsin Rapids Timber Rattlers batting - Pitching for Clinton Pilots : RHP Richard Patterson
|
|
Batting: LHB Greg Smith
|
0-0: Ball 1-0: Foul Ball, location: 2F 1-1: Ball 2-1: Swinging Strike 2-2: Ball 3-2: Foul Ball, location: 2F 3-2: Strikes out swinging
|
|
Batting: LHB Matt Hall
|
0-0: Ball 1-0: SINGLE (Line Drive, 34, EV 111.3 MPH)
|
|
Batting: RHB Darryl Motley
|
0-0: Swinging Strike 0-1: Foul Ball, location: 2F 0-2: Ball 1-2: Ground out 5-3 (Groundball, 5L, EV 87.5 MPH) Matt Hall to second
|
|
Batting: RHB Al Pedrique
|
0-0: Ball 1-0: Ball 2-0: Swinging Strike 2-1: Foul Ball, location: 2F 2-2: Foul Ball, location: 2F 2-2: Ball 3-2: Ground out 3-1 (Groundball, 34, EV 109.4 MPH)
|
| Top of the 5th over - 0 runs, 1 hit, 0 errors, 1 left on base; Wisconsin Rapids 0 - Clinton 0 |
| BOTTOM OF THE 5TH |
|
Clinton Pilots batting - Pitching for Wisconsin Rapids Timber Rattlers : RHP Ted Kromy
|
|
Batting: RHB Joseph Rietano
|
0-0: Ball 1-0: Ball 2-0: Called Strike 2-1: Ball 3-1: Base on Balls
|
|
Batting: RHB Alberto Reyes
|
0-0: Sac Bunt to 5S - play at first, batter safe! Joseph Rietano to second
|
|
Batting: LHB Epifano Martinez
|
0-0: Ball 1-0: Called Strike 1-1: Fly out, F7 (Flyball, 7, EV 91.9 MPH)
|
|
Batting: RHB Donn Koch
|
0-0: Ball 1-0: Foul Ball, location: 2F 1-1: Foul Ball, location: 2F 1-2: Ball 2-2: Ball 3-2: Fly out, F3 (Line Drive, 3, EV 71.9 MPH)
|
|
Batting: RHB Ron Stinnett
|
0-0: Ball 1-0: Foul Ball, location: 2F 1-1: Ball 2-1: Ball 3-1: Ground out 4-3 (Groundball, 4S, EV 77.5 MPH)
|
| Bottom of the 5th over - 0 runs, 1 hit, 0 errors, 2 left on base; Wisconsin Rapids 0 - Clinton 0 |
| TOP OF THE 6TH |
|
Wisconsin Rapids Timber Rattlers batting - Pitching for Clinton Pilots : RHP Richard Patterson
|
|
Batting: SHB Jose Uribe
|
0-0: Ball 1-0: Foul Ball, location: 2F 1-1: Fly out, F9 (Flyball, 9, EV 84.4 MPH)
|
|
Batting: RHB Phil Lombardi
|
0-0: Called Strike 0-1: Called Strike 0-2: Reached on error, E6 (Groundball, 6S, EV 91.9 MPH)
|
|
Batting: RHB Tim Pyznarski
|
0-0: Foul Ball, location: 2F 0-1: Ball 1-1: Ball 2-1: Foul Ball, location: 2F 2-2: Ball 3-2: Foul Ball, location: 2F 3-2: Base on Balls
|
|
Batting: RHB Jim Presley
|
0-0: Ball 1-0: SINGLE (Flyball, 8LS, EV 94.4 MPH) Phil Lombardi to third Tim Pyznarski to second Runner from 3rd tries for Home, SAFE, throw by CF to home
|
|
Batting: LHB Dion James
|
0-0: Ball 1-0: Ball 2-0: Fly out, F5 (Popup, 25F, EV 78.1 MPH)
|
|
Batting: LHB Greg Smith
|
0-0: Fly out, F8 (Line Drive, 8LM, EV 99.4 MPH)
|
| Top of the 6th over - 1 run, 1 hit, 1 error, 2 left on base; Wisconsin Rapids 1 - Clinton 0 |
| BOTTOM OF THE 6TH |
|
Clinton Pilots batting - Pitching for Wisconsin Rapids Timber Rattlers : RHP Ted Kromy
|
|
Batting: RHB Barry Siebert
|
0-0: Ball 1-0: Ball 2-0: Called Strike 2-1: Called Strike 2-2: Strikes out swinging
|
|
Batting: RHB Tom Riley
|
0-0: Called Strike 0-1: SINGLE (Groundball, 56D, EV 105.0 MPH)
|
|
Batting: RHB Bert Pena
|
0-0: Called Strike 0-1: Fielders Choice at 2nd, 6-4 (Groundball, 6, EV 86.9 MPH)
|
|
Batting: RHB Abe Rael
|
0-0: Ball Bert Pena steals 2nd, throwing error, E2 Bert Pena to third 1-0: Foul Ball, location: 2F 1-1: Called Strike 1-2: Ball 2-2: Ball 3-2: Ground out 6-3 (Groundball, 6, EV 91.9 MPH)
|
| Bottom of the 6th over - 0 runs, 1 hit, 1 error, 1 left on base; Wisconsin Rapids 1 - Clinton 0 |
| TOP OF THE 7TH |
|
Wisconsin Rapids Timber Rattlers batting - Pitching for Clinton Pilots : RHP Richard Patterson
|
|
Batting: LHB Matt Hall
|
0-0: Ball 1-0: Foul Ball, location: 2F 1-1: Swinging Strike 1-2: TRIPLE (Groundball, 5L, EV 108.1 MPH)
|
|
Batting: RHB Darryl Motley
|
0-0: Foul Ball, location: 2F 0-1: Ball 1-1: Called Strike 1-2: Foul Ball, location: 2F 1-2: Ball 2-2: Strikes out swinging
|
|
Batting: RHB Al Pedrique
|
0-0: Called Strike 0-1: Ball 1-1: Ball 2-1: Ground out U3 (Groundball, 3, EV 82.5 MPH)
|
|
Batting: SHB Jose Uribe
|
0-0: Foul Ball, location: 2F 0-1: SINGLE (Groundball, 6M, EV 109.4 MPH) Matt Hall scores
|
|
Batting: RHB Phil Lombardi
|
0-0: Foul Ball, location: 2F 0-1: Fly out, F7 (Line Drive, 7, EV 111.3 MPH)
|
| Top of the 7th over - 1 run, 2 hits, 0 errors, 1 left on base; Wisconsin Rapids 2 - Clinton 0 |
| BOTTOM OF THE 7TH |
|
Clinton Pilots batting - Pitching for Wisconsin Rapids Timber Rattlers : RHP Ted Kromy
|
|
Batting: RHB Joseph Rietano
|
0-0: Ball 1-0: Foul Ball, location: 2F 1-1: Foul Ball, location: 2F 1-2: Ball 2-2: Foul Ball, location: 2F 2-2: Strikes out looking
|
|
Batting: RHB Alberto Reyes
|
0-0: Fly out, F8 (Flyball, 8LXD, EV 103.8 MPH)
|
|
Batting: LHB Epifano Martinez
|
0-0: Ball 1-0: Ground out 5-3 (Groundball, 5L, EV 104.4 MPH)
|
| Bottom of the 7th over - 0 runs, 0 hits, 0 errors, 0 left on base; Wisconsin Rapids 2 - Clinton 0 |
| TOP OF THE 8TH |
|
Wisconsin Rapids Timber Rattlers batting - Pitching for Clinton Pilots : RHP Richard Patterson
|
|
Batting: RHB Tim Pyznarski
|
0-0: Ball 1-0: Ball 2-0: Swinging Strike 2-1: Ball 3-1: Base on Balls
|
|
Batting: RHB Jim Presley
|
0-0: Ball Tim Pyznarski is caught stealing 2nd base 2-4 1-0: Called Strike 1-1: Swinging Strike 1-2: Ball 2-2: Fly out, F3 (Line Drive, 3, EV 66.3 MPH)
|
|
Batting: LHB Dion James
|
0-0: Foul Ball, location: 2F 0-1: Ball 1-1: Ball 2-1: Fly out, F7 (Line Drive, 7, EV 104.4 MPH)
|
| Top of the 8th over - 0 runs, 0 hits, 0 errors, 0 left on base; Wisconsin Rapids 2 - Clinton 0 |
| BOTTOM OF THE 8TH |
|
Clinton Pilots batting - Pitching for Wisconsin Rapids Timber Rattlers : RHP Ted Kromy
|
|
Batting: RHB Donn Koch
|
0-0: Called Strike 0-1: Ball 1-1: Ground out 4-3 (Groundball, 4M, EV 77.5 MPH)
|
|
Batting: RHB Ron Stinnett
|
0-0: SINGLE (Line Drive, 78S, EV 106.3 MPH)
|
|
Batting: RHB Barry Siebert
|
0-0: Ball 1-0: Called Strike 1-1: Foul Ball, location: 2F 1-2: Grounds into double play, 6-4-3 (Groundball, 6, EV 85.6 MPH)
|
| Bottom of the 8th over - 0 runs, 1 hit, 0 errors, 0 left on base; Wisconsin Rapids 2 - Clinton 0 |
| TOP OF THE 9TH |
|
Wisconsin Rapids Timber Rattlers batting - Pitching for Clinton Pilots : RHP Richard Patterson
|
|
Pitching: RHP Robert Davis
|
|
|
Batting: LHB Greg Smith
|
0-0: Ball 1-0: Foul Ball, location: 2F 1-1: Ball 2-1: Ball 3-1: Called Strike 3-2: Foul Ball, location: 2F 3-2: Base on Balls
|
|
Batting: LHB Matt Hall
|
0-0: Ball 1-0: Fly out, F9 (Flyball, 89D, EV 96.3 MPH)
|
|
Batting: RHB Darryl Motley
|
0-0: Called Strike 0-1: Foul Ball, location: 2F 0-2: Ball 1-2: 2-RUN HOME RUN (Flyball, 78XD, EV 92.5 MPH), Distance : 408 ft
|
|
Batting: RHB Al Pedrique
|
0-0: Fly out, F7 (Flyball, 7D, EV 95.0 MPH)
|
|
Batting: SHB Jose Uribe
|
0-0: Swinging Strike 0-1: Fly out, F7 (Flyball, 7LM, EV 93.1 MPH)
|
| Top of the 9th over - 2 runs, 1 hit, 0 errors, 0 left on base; Wisconsin Rapids 4 - Clinton 0 |
| BOTTOM OF THE 9TH |
|
Clinton Pilots batting - Pitching for Wisconsin Rapids Timber Rattlers : RHP Ted Kromy
|
|
Batting: RHB Tom Riley
|
0-0: Ball 1-0: Called Strike 1-1: Foul Ball, location: 2F 1-2: Strikes out swinging
|
|
Pitching: RHP Mark Williamson
|
|
|
Batting: RHB Bert Pena
|
0-0: Ball 1-0: Called Strike 1-1: Called Strike 1-2: Ball 2-2: Foul Ball, location: 2F 2-2: Ball 3-2: DOUBLE (Groundball, 5L, EV 106.3 MPH)
|
|
Batting: RHB Abe Rael
|
0-0: Fly out, F7 (Flyball, 7LS, EV 78.8 MPH)
|
|
Batting: RHB Joseph Rietano
|
0-0: Ground out 4-3 (Groundball, 34, EV 83.1 MPH)
|
| Bottom of the 9th over - 0 runs, 1 hit, 0 errors, 1 left on base; Wisconsin Rapids 4 - Clinton 0 |
|